 Dungeon Crawl Stone Soup version 0.28.0-53-g5a82cb258f (webtiles) character file.

Game seed: 1544258959592262227

44 WANAX the Chopper (level 3, -1/49 HPs)
             Began as a Hill Orc Berserker on July 17, 2022.
             Was a Believer of Trog.
             Succumbed to a gnoll's poison
             ... on level 2 of the Dungeon.
             The game lasted 00:03:10 (1798 turns).

WANAX the Chopper (Hill Orc Berserker)              Turns: 1798, Time: 00:03:10

Health: -1/49      AC:  3    Str: 21    XL:     3   Next: 60%
Magic:  3/3        EV: 12    Int:  7    God:    Trog [**....]
Gold:   35         SH:  0    Dex: 10    Spells: 2/2 levels left

rFire   . . .      SeeInvis .   a - +0 hand axe
rCold   . . .      Faith    .   (no shield)
rNeg    . . .      Spirit   .   b - +0 animal skin
rPois   .          Reflect  .   i - +0 helmet
rElec   .          Harm     .   (no cloak)
rCorr   .          Rampage  .   (no gloves)
Will    .....                   (no boots)
Stlth   ..........              (no amulet)
HPRegen 0.16/turn               (no ring)
MPRegen 0.08/turn               (no ring)

@: berserking, lethally poisoned (-1 -> -9), very quick
A: no striking features
a: Renounce Religion, Berserk, Trog's Hand


You were on level 2 of the Dungeon.
You worshipped Trog.
Trog was pleased with you.
You visited 1 branch of the dungeon, and saw 2 of its levels.

You collected 35 gold pieces.

Inventory:

Hand Weapons
 a - a +0 hand axe (weapon)
Armour
 b - a +0 animal skin (worn)
 i - a +0 helmet (worn)
Scrolls
 d - a scroll of immolation {unknown}
 e - a scroll of identify {unknown}
 f - a scroll of fog {unknown}
Potions
 c - a potion of brilliance {unknown}
 g - a potion of mutation {unknown}
 h - a potion of ambrosia {unknown}


   Skills:
 + Level 4.1 Fighting
 + Level 4.5 Axes
 + Level 2.8 Armour
 + Level 2.0 Dodging


You had 2 spell levels left.
You didn't know any spells.
Your spell library contained the following spells:

 Spells                   Type           Power      Damage    Failure   Level
 Corpse Rot               Necr/Air       0%         N/A       56%         2
 Poisonous Vapours        Pois/Air       0%         N/A       56%         2


Dungeon Overview and Level Annotations

Branches:
Dungeon (2/15)

Altars:


Message History

The gnoll misses you.
You barely miss the gnoll. The gnoll hits you but does no damage.
You hit the gnoll but do no damage.
The gnoll throws a poisoned dart.
The poisoned dart barely misses you. The gnoll barely misses you.
You hit the gnoll but do no damage.
The gnoll throws a poisoned dart.
The poisoned dart hits you!
You are poisoned.
The gnoll hits you with a +0 spear!
You barely miss the gnoll.
You feel sick.
The gnoll throws a poisoned dart.
The poisoned dart hits you!
You are more poisoned.
The gnoll barely misses you.
The gnoll throws a poisoned dart.
The poisoned dart hits you!
You are lethally poisoned!
You hit the gnoll but do no damage.
You feel very sick. The gnoll hits you with a +0 spear.
You are too injured to fight recklessly!
You are too injured to fight recklessly!
You feel very sick. The gnoll hits you with a +0 spear!
* * * LOW HITPOINT WARNING * * *
You are too injured to fight recklessly!
You are too injured to fight recklessly!
A red film seems to cover your vision as you go berserk!
You feel yourself moving faster!
You feel mighty!
* * * LOW HITPOINT WARNING * * *
You feel very sick. The gnoll barely misses you.
You are too injured to fight recklessly!
You are too injured to fight recklessly!
You are too injured to fight recklessly!
You are too injured to fight recklessly!
You hit the gnoll.
The gnoll is lightly wounded.
* * * LOW HITPOINT WARNING * * *
You feel sick. The gnoll closely misses you.
You slash the gnoll!
The gnoll is almost dead.
You die...

..g##.#.. . .K..#.# #..
#....## .... #.....#.....
#####g...# ##.....##.###
#
#####..###K.....#######.#
......## #.####..........
####### #.# #.@g......#
#######.######.......#
........g.)<รท........#
.######.######.......#
##.# #........ #..#
#.......# #.## #########
#.# .. ######.#######
.....


You could see a gnoll.

Vanquished Creatures
  A gnoll (D:1)
  A worm (D:2)
  3 bats (D:1)
  3 endoplasms (D:1)
  3 giant cockroaches (D:1)
  5 hobgoblins (D:1)
  A frilled lizard (D:2)
  4 goblins
  3 kobolds
  6 rats
30 creatures vanquished.

Vanquished Creatures (others)
  2 plants (D:1)
2 creatures vanquished.

Grand Total: 32 creatures vanquished

Notes
Turn   | Place    | Note
-------+----------+-------------------------------------------
     0 | D:1      | WANAX the Hill Orc Berserker began the quest for the Orb.
     0 | D:1      | Reached XP level 1. HP: 19/19 MP: 1/1
   329 | D:1      | Reached XP level 2. HP: 23/27 MP: 2/2
   724 | D:1      | Reached ** piety under Trog
   725 | D:1      | Reached XP level 3. HP: 33/33 MP: 3/3
   774 | D:1      | Found a faded altar of an unknown god.
  1797 | D:2      | HP: 1/49 [poisoned by a gnoll]
  1798 | D:2      | Succumbed to a gnoll's poison

Illustrated notes

Levels and vault maps discovered:
D:1:      evilmike_arrival_crescent, layout_loops_ring,
          shapermc_ecumenical_altar_hornbeckon
D:2:      layout_rooms

Skill      XL: |  1  2  3 |
---------------+----------+-----
Fighting       | 4 |  4.1
Dodging        | 2 |  2.0
Axes           | |  4.5
Armour         | |  2.8

Action                   || total
-------------------------++-------
Melee: Hand axe          ||    96
Invok: Berserk           ||     2
Armor: Animal skin       ||    14
Dodge: Dodged            ||    52
